 Dungeon Crawl Stone Soup version 0.20-a0-947-g2784f4f (webtiles) character file.

471 Krakonus1 the Shield-Bearer (level 7, -2/46 HPs)
             Began as an Octopode Fighter on Apr 3, 2017.
             Was a Follower of Ru.
             Slain by an ice beast (12 damage)
             ... on level 5 of the Dungeon on Apr 4, 2017.
             The game lasted 00:19:56 (3503 turns).

Krakonus1 the Shield-Bearer (Octopode Fighter)      Turns: 3503, Time: 00:19:57

Health: -2/46      AC:  1    Str: 22    XL:     7   Next: 9%
Magic:  7/7        EV: 12    Int: 11    God:    Ru [*.....]
Gold:   35         SH: 12    Dex: 11    Spells: 6/6 levels left

rFire    . . .     SeeInvis .   a - +2 trident
rCold    . . .     Gourm    .   b - +1 shield
rNeg     . . .     Faith    .   (helmet restricted)
rPois    .         Spirit   .   u - amulet of magic regeneration
rElec    .         Reflect  .   (no ring)
rCorr    .         Harm     .   (no ring)
MR       .....                  (no ring)
Stlth    ++........             (no ring)
Regen    0.2/turn               (no ring)
MPRegen  0.2/turn               (no ring)
                                (no ring)
                                (no ring)

@: mighty
A: almost no armour, stealthy swim, amphibious, 8 rings, constrict 8, camouflage
1, gelatinous body 1, no conjurations magic, no fire magic, no transmutations
magic
a: Renounce Religion


You were on level 5 of the Dungeon.
You worshipped Ru.
Ru was aware of your devotion.
You were very hungry.

You visited 1 branch of the dungeon, and saw 5 of its levels.

You collected 101 gold pieces.
You spent 66 gold pieces at shops.

Inventory:

Hand Weapons
 a - a +2 trident (weapon)
Missiles
 i - 3 tomahawks (quivered)
 k - 3 exploding tomahawks
 n - 47 stones
Armour
 b - a +1 shield (worn)
Jewellery
 u - an amulet of magic regeneration (around mantle)
Scrolls
 f - a scroll of remove curse
 q - a scroll of teleportation {unknown}
 s - a scroll of immolation
Potions
 c - a potion of might
 e - a potion of haste {unknown}
 l - a potion of degeneration
Books
 m - a book of Maledictions

   Spells                             Type                      Level
   a - Corona                         Hexes                        1
   b - Ensorcelled Hibernation        Hexes/Ice                    2
   c - Confuse                        Hexes                        3
   d - Tukima's Dance                 Hexes                        3
   e - Dazzling Spray                 Conjuration/Hexes            3
Comestibles
 d - a bread ration
 h - 5 royal jellies
 p - 4 fruits
 r - a meat ration


   Skills:
 - Level 3.0 Fighting
 - Level 2.0 Polearms
 - Level 3.0 Dodging
 * Level 7.8 Shields


You had 6 spell levels left.
You didn't know any spells.

Dungeon Overview and Level Annotations

Branches:
Dungeon (5/15)
 Temple: D:4-7

Altars:
Cheibriados
Dithmenos
Fedhas
Gozag
Makhleb
Ru
Trog
Yredelemnul

Shops:
D:4 %


Innate Abilities, Weirdness & Mutations

You cannot wear most types of armour.
You are very stealthy in the water. (Stealth+)
You are amphibious.
You can wear up to eight rings at the same time.
You can use your tentacles to constrict eight enemies at once.
Your skin changes colour to match your surroundings (Stealth+).
Your rubbery body absorbs attacks. (AC +1, EV +1)
You cannot study or cast Conjurations magic.
You cannot study or cast Fire magic.
You cannot study or cast Transmutations magic.


Message History

There is a stone staircase leading up here.
You hit the ice beast but do no damage. You block the ice beast's attack.
You closely miss the ice beast. The ice beast hits you.
The ice beast freezes you! You block the ice beast's attack.
You barely miss the ice beast. The ice beast hits you.
The ice beast freezes you!
Your shield prevents you from hitting the ice beast.
Your squeeze misses the ice beast. You block the ice beast's attack.
You feel very mighty all of a sudden. The ice beast hits you.
The ice beast freezes you!
* * * LOW HITPOINT WARNING * * *
You hit the ice beast.
The ice beast is lightly wounded.
The ice beast barely misses you.
You puncture the ice beast!
The ice beast is moderately wounded.
You block the ice beast's attack. The ice beast hits you.
* * * LOW HITPOINT WARNING * * *
The ice beast freezes you!
You die...

....#..#### .#
...$#..#.. .(# P
.P..P..#.####..#.
..
≈...............
.≈≈ ≈...........#
.≈≈≈♣♣♣.......#..#
♣≈≈.P...........#
♣≈....@....#
≈♣≈..♣...Y.).#
♣≈P.P#....[[$##(
........$........>
.♣....####.#######
...♣## #<# .# #.#
#.. #.<


You could see an ice beast.

Vanquished Creatures
  An ogre (D:4)
  A scorpion (D:4)
  A hound (D:4)
  3 orc wizards
  A bullfrog skeleton (D:4)
  An iguana (D:4)
  A worker ant (D:4)
  A worker ant zombie (D:5)
  5 adders
  An adder skeleton (D:4)
  2 worms
  A dart slug (D:1)
  2 leopard geckos
  14 orcs
  8 bats
  A giant cockroach (D:3)
  4 goblins
  5 hobgoblins
  6 jackals
  2 kobolds
  3 quokkas
  5 frilled lizards
  5 rats
74 creatures vanquished.

Vanquished Creatures (others)
  A wizard (D:4)
1 creature vanquished.

Grand Total: 75 creatures vanquished

Notes
Turn   | Place    | Note
-------+----------+-------------------------------------------
     0 | D:1      | Krakonus1 the Octopode Fighter began the quest for the Orb.
     0 | D:1      | Reached XP level 1. HP: 16/16 MP: 1/1
   125 | D:1      | Reached XP level 2. HP: 17/21 MP: 2/2
   369 | D:1      | Reached skill level 4 in Shields
   741 | D:2      | You fall through a shaft!
   744 | D:3      | Reached XP level 3. HP: 26/26 MP: 3/3
   792 | D:3      | Reached XP level 4. HP: 22/31 MP: 4/4
   889 | D:3      | Found a sacrificial altar of Ru.
   992 | D:3      | Reached skill level 5 in Shields
  1142 | D:2      | Found a snail-covered altar of Cheibriados.
  1324 | D:2      | Found a burning altar of Makhleb.
  1523 | D:2      | Found a shadowy altar of Dithmenos.
  1680 | D:3      | Became a worshipper of Ru the Awakened
  1926 | D:3      | Found a blossoming altar of Fedhas.
  1926 | D:3      | Found a basalt altar of Yredelemnul.
  1948 | D:3      | You fall through a shaft!
  1967 | D:4      | Reached XP level 5. HP: 32/36 MP: 5/5
  2001 | D:4      | Reached skill level 6 in Shields
  2508 | D:4      | Found an opulent altar of Gozag.
  2543 | D:4      | Reached XP level 6. HP: 30/42 MP: 6/6
  2550 | D:4      | Gained mutation: You cannot study or cast Fire magic. [Ru sacrifice]
  2550 | D:4      | Gained mutation: You cannot study or cast Transmutations magic. [Ru sacrifice]
  2550 | D:4      | Gained mutation: You cannot study or cast Conjurations magic. [Ru sacrifice]
  2550 | D:4      | Reached * piety under Ru
  2585 | D:4      | Found Uhymoakh's Food Shop.
  2645 | D:4      | Bought a royal jelly for 22 gold pieces
  2645 | D:4      | Bought a royal jelly for 22 gold pieces
  2645 | D:4      | Bought a royal jelly for 22 gold pieces
  2756 | D:4      | Reached skill level 7 in Shields
  3110 | D:4      | Found a bloodstained altar of Trog.
  3111 | D:4      | Noticed a wizard
  3117 | D:4      | Killed a wizard
  3175 | D:5      | Entered Level 5 of the Dungeon
  3184 | D:5      | Reached XP level 7. HP: 44/46 MP: 7/7
  3503 | D:5      | Slain by an ice beast

Vault maps used:
D:1:      lemuel_arrival_hallway
D:2:      bloody_makhleb, lemuel_crystal_altar, old_standard_altar
D:3:      nicolae_ru_great_annihilating_truth, amethyst_overflow_temple_binary
D:4:      lemuel_coloured_pillars_altar, serial_shops, shop_statue, trog_wizard
D:5:      nicolae_overflow_crystal_walls, first_bread, serial_bayou_pond_c,
          serial_bayou_pond_a

Skill      XL: |  1  2  3  4  5  6 |
---------------+-------------------+-----
Shields        | 4 5 6 7 |  7.8
Fighting       | |  3.0
Polearms       | |  2.0
Dodging        | |  3.0

Action                   |  1- 3 |  4- 6 |  7- 9 || total
-------------------------+-------+-------+-------++-------
Melee: Trident           |    44 |   114 |    15 ||   173
       Constrict         |    10 |    20 |     1 ||    31
       Tentacles         |     4 |    16 |     1 ||    21
Throw: Tomahawk          |       |     2 |       ||     2
       Stone             |       |     1 |       ||     1
Invok: Sacrifice Arcana  |       |     1 |       ||     1
  Use: Scroll            |     5 |     5 |       ||    10
       Potion            |       |       |     4 ||     4
 Stab: Sleeping          |     4 |    13 |       ||    17
       Paralysed         |       |     1 |       ||     1
  Eat: Chunk             |       |     7 |       ||     7
Armor: Skin              |     1 |     7 |     4 ||    12
Dodge: Dodged            |    17 |    26 |     7 ||    50
Block: Shield            |    15 |    37 |    18 ||    70
